 Dungeon Crawl Stone Soup version 0.29.0-11-gd7f09526c8 (webtiles) character file.

Game seed: 15787110876381215580

207 Flugkiller the Chopper (level 5, -13/47 HPs)
             Began as a Minotaur Fighter on Sept 6, 2022.
             Mangled by an ogre
             ... wielding a +0 giant spiked club
              (22 damage)
             ... on level 3 of the Dungeon.
             The game lasted 00:01:08 (2541 turns).

Flugkiller the Chopper (Minotaur Fighter)           Turns: 2541, Time: 00:01:08

Health: -13/47     AC:  9    Str: 20    XL:     5   Next: 54%
Magic:  4/4        EV:  7    Int:  5    God:
Gold:   111        SH:  4    Dex: 12    Spells: 4/4 levels left

rFire   . . .      SeeInvis .   a - +0 war axe
rCold   . . .      Faith    .   c - +0 buckler
rNeg    . . .      Spirit   .   g - +0 chain mail
rPois   .          Reflect  .   (helmet restricted)
rElec   .          Harm     .   (no cloak)
rCorr   .          Rampage  .   (no gloves)
Will    .....                   (no boots)
Stlth   ..........              (no amulet)
HPRegen 0.15/turn               (no ring)
MPRegen 0.09/turn               (no ring)

@: no status effects
A: horns 2, retaliatory headbutt
a: no special abilities


You were on level 3 of the Dungeon.
You visited 1 branch of the dungeon, and saw 3 of its levels.

You collected 131 gold pieces.
You spent 20 gold pieces at shops.

Inventory:

Hand Weapons
 a - a +0 war axe (weapon)
Armour
 b - a +0 scale mail
 c - a +0 buckler (worn)
 g - a +0 chain mail (worn)
   (You found it on level 1 of the Dungeon)
Wands
 h - a wand of mindburst (14)
   (You took it off Ijyb on level 3 of the Dungeon)
Scrolls
 e - a scroll of fog
 f - a scroll of amnesia
 l - a scroll of immolation
 m - a scroll of magic mapping {unknown}
 n - a scroll of blinking {unknown}
 o - a scroll of enchant weapon {unknown}
 p - a scroll of fear {unknown}
 r - 3 scrolls of identify
 s - 2 scrolls of noise {unknown}
 t - a scroll of teleportation
Potions
 d - 3 potions of might
 i - a potion of cancellation {unknown}
 j - a potion of flight {unknown}
 k - 2 potions of curing {unknown}
 q - a potion of ambrosia {unknown}
 u - a potion of heal wounds {unknown}


   Skills:
 + Level 4.9 Fighting
 * Level 5.2 Axes
 + Level 4.9 Armour
 - Level 3.6 Shields


You had 4 spell levels left.
You didn't know any spells.
Your spell library was empty.

Dungeon Overview and Level Annotations

Branches:
Dungeon (3/15)

Altars:

Shops:
D:3 ((?


Innate Abilities, Weirdness & Mutations

You have a pair of horns on your head.
You reflexively headbutt those who attack you in melee.


Message History

No target in view!
No target in view!
No target in view!
No target in view!
No target in view!
h - a wand of mindburst (14);
i - a silvery potion
Things that are here:
a +0 dagger; a +0 leather armour; the goblin corpse of Ijyb You start resting.
HP restored.
A kobold comes into view. It is wielding a +0 whip.
A kobold is nearby!
A kobold is nearby!
A kobold is nearby!
Found 3 gold pieces.
A quokka comes into view.
Found Pobam's Weapon Shop.
You slash the kobold!
You kill the kobold!
The quokka bites you but does no damage.
You closely miss the quokka. You headbutt the quokka.
You kill the quokka!
No target in view!
No target in view!
No target in view!
No target in view!
No target in view!
No target in view!
s - a scroll labelled TEOPEG QYUSA You see here a +0 whip.
You now have 111 gold pieces (gained 3).
There is an entrance to Pobam's Weapon Shop here.
A bat comes into view.
Found a potion of might.
The bat hits you but does no damage. x2
A bat is nearby!
A bat is nearby!
You hit the bat but do no damage. Your headbutt misses the bat.
The bat hits you but does no damage. x2
You completely miss the bat. Your headbutt misses the bat.
The bat hits you but does no damage. x3
You hit the bat.
You kill the bat!
You see here a bat corpse.
d - 3 potions of might (gained 1)
You open the door.
Found two stone staircases leading up.
No target in view!
There is an open door here.
u - a fuming ruby potion As you open the door, it creaks loudly!
There is an open door here.
Found a leather armour.
No target in view!
No target in view!
No target in view!
No target in view!
There is an open door here.
There is an open door here.
You see here a bat corpse.
Found a stone staircase leading down.
Found Ciwnotza's Weapon Emporium.
A goblin comes into view. It is wielding a +0 dagger.
The goblin hits you but does no damage.
You barely miss the goblin. The goblin hits you with a +0 dagger.
You closely miss the goblin. The goblin hits you but does no damage.
You closely miss the goblin. You headbutt the goblin.
You kill the goblin!
No target in view!
s - 2 scrolls labelled TEOPEG QYUSA (gained 1)
You see here a +0 dagger.
There is an entrance to Ciwnotza's Weapon Emporium here.
An ogre comes into view. It is wielding a +0 giant spiked club.
The ogre shouts!
An ogre is nearby!
An ogre is nearby!
The ogre closely misses you. You furiously retaliate!
You headbutt the ogre! You hit the ogre.
The ogre is heavily wounded.
The ogre hits you with a +0 giant spiked club!
You barely miss the ogre.
The ogre is heavily wounded.
The ogre hits you with a +0 giant spiked club!!
Ouch! That really hurt!
* * * LOW HITPOINT WARNING * * *
You are too injured to fight recklessly!
You are too injured to fight recklessly!
You are too injured to fight recklessly!
You are too injured to fight recklessly!
You are too injured to fight recklessly!
You are too injured to fight recklessly!
You are too injured to fight recklessly!
You are too injured to fight recklessly!
Unknown command.
You barely miss the ogre.
The ogre is moderately wounded.
The ogre misses you.
You barely miss the ogre.
The ogre is moderately wounded.
The ogre hits you with a +0 giant spiked club!!
You die...

#...# #...... #.
#...# #####.. #.
#...# ....... #.
#...# #######.
#.###...##..........
#...#...##.########.
#.......##.#....#...
#...#...##.#.##.#.##
#..@#..♣##.#.#......
#..O#...##.#.#....##
#...#.♣∩♣#.#.#######
#...##.)..........(.
#...###♣###########.
#...# #.....[#.
##### #.######. #.#
#. #.# #.


You could see an ogre.

Vanquished Creatures
  Jessica (D:2)
  Ijyb (D:3)
  2 orc wizards (D:3)
  2 adders (D:2)
  2 worms
  3 orcs (D:3)
  6 bats
  4 endoplasms
  2 giant cockroaches (D:1)
  6 hobgoblins
  6 jackals
  8 kobolds
  3 quokkas
  5 ball pythons
  4 frilled lizards
  7 goblins
  23 rats
85 creatures vanquished.

Notes
Turn   | Place    | Note
-------+----------+-------------------------------------------
     0 | D:1      | Flugkiller the Minotaur Fighter began the quest for the
                  | Orb.
     0 | D:1      | Reached XP level 1. HP: 19/19 MP: 0/0
   166 | D:1      | Reached XP level 2. HP: 24/27 MP: 1/1
   170 | D:1      | Reached skill level 3 in Axes
   779 | D:1      | Reached XP level 3. HP: 33/33 MP: 2/2
  1172 | D:2      | Noticed Jessica
  1181 | D:2      | Killed Jessica
  1182 | D:2      | Reached skill level 4 in Axes
  1182 | D:2      | Reached XP level 4. HP: 35/41 MP: 3/3
  1281 | D:2      | Found a faded altar of an unknown god.
  1996 | D:3      | Reached XP level 5. HP: 39/47 MP: 4/4
  2183 | D:3      | Found Ceeruit's Magic Scroll Shop.
  2186 | D:3      | Reached skill level 5 in Axes
  2208 | D:3      | Bought a scroll of identify for 20 gold pieces
  2215 | D:3      | Noticed Ijyb
  2220 | D:3      | Killed Ijyb
  2380 | D:3      | Found Pobam's Weapon Shop.
  2512 | D:3      | Found Ciwnotza's Weapon Emporium.
  2535 | D:3      | Noticed an ogre
  2541 | D:3      | Mangled by an ogre

Illustrated notes

Levels and vault maps discovered:
D:1:      dpeg_arrival_brainrot, layout_basic, minmay_misc_feat_more_columns,
          minmay_heptomino_w4
D:2:      kb_forest_paths, layout_basic, basic_ecumenical_altar, uniq_jessica
D:3:      layout_basic, chequers_temple_overflow_minitemple, serial_shops,
          shop_fountains, shop, shop, shop, nicolae_shop_trees, minmay_rat_hole,
          uniq_ijyb

Skill      XL: |  1  2  3  4  5 |
---------------+----------------+-----
Axes           | 3 4 5 |  5.2
Armour         | 4 |  4.9
Fighting       | 4 |  4.9
Shields        | |  3.6

Action                   |  1- 3 |  4- 6 || total
-------------------------+-------+-------++-------
Melee: War axe           |    83 |    90 ||   173
       Headbutt          |    15 |    16 ||    31
  Use: Scroll            |       |     4 ||     4
Armor: Scale mail        |    20 |       ||    20
       Chain mail        |    21 |    42 ||    63
Dodge: Dodged            |    34 |    26 ||    60
Block: Buckler           |    18 |    14 ||    32
